 Dungeon Crawl Stone Soup version 0.25-a0-504-g768f60da87 (webtiles) character file.

Game seed: 6685043753861624568, levelgen mode: deterministic

280 Erk the Charmwright (level 6, -1/50 HPs)
             Began as a Gnoll Skald on Feb 14, 2020.
             Slain by an orc priest
             ... wielding a cursed +0 dagger
              (2 damage)
             ... on level 3 of the Dungeon.
             The game lasted 00:08:09 (2181 turns).

Erk the Charmwright (Gnoll Skald)                   Turns: 2181, Time: 00:08:10

Health: -1/50      AC: 11    Str: 16    XL:     6   Next: 27%
Magic:  14/14      EV:  9    Int: 15    God:
Gold:   135        SH:  0    Dex: 14    Spells: 14/15 levels left

rFire    . . .     SeeInvis .   a - +0 falchion
rCold    . . .     Gourm    .   (no shield)
rNeg     . . .     Faith    .   l - +0 chain mail
rPois    .         Spirit   .   i - +0 helmet
rElec    .         Reflect  .   (no cloak)
rCorr    .         Harm     .   k - +0 pair of gloves
MR       .....                  (no boots)
Stlth    ..........             (no amulet)
HPRegen  0.16/turn              (no ring)
MPRegen  0.14/turn              (no ring)

@: no status effects
A: distributed training, fangs 1, strong nose
a: no special abilities


You were on level 3 of the Dungeon.
You were hungry.

You visited 1 branch of the dungeon, and saw 3 of its levels.

You collected 135 gold pieces.

Inventory:

Hand Weapons
 a - a +0 falchion (weapon)
Missiles
 h - 3 throwing nets (quivered)
 q - 5 boomerangs
 t - 3 poisoned darts
Armour
 b - a +0 leather armour
 i - a +0 helmet (worn)
 k - a +0 pair of gloves (worn)
 l - a +0 chain mail (worn)
Wands
 u - a wand of random effects (21)
Scrolls
 f - 2 scrolls of remove curse {unknown}
 g - a scroll of teleportation {unknown}
 m - a scroll of amnesia {unknown}
 n - a scroll of identify {unknown}
 p - a scroll of fog {unknown}
 r - a scroll of magic mapping {unknown}
Potions
 c - a potion of degeneration {unknown}
 e - a potion of curing {unknown}
 j - a potion of agility {unknown}
 o - a potion of invisibility {unknown}
 s - a potion of resistance {unknown}
Comestibles
 d - 6 rations


   Skills:
 + Level 4.9 Fighting
 + Level 1.8 Short Blades
 + Level 4.9 Long Blades
 + Level 1.8 Axes
 + Level 1.8 Maces & Flails
 + Level 1.8 Polearms
 + Level 1.8 Staves
 + Level 1.8 Slings
 + Level 1.8 Bows
 + Level 1.8 Crossbows
 + Level 1.8 Throwing
 + Level 3.2 Armour
 + Level 4.9 Dodging
 + Level 1.8 Stealth
 + Level 1.8 Shields
 + Level 1.8 Unarmed Combat
 + Level 5.3 Spellcasting
 + Level 1.4 Conjurations
 + Level 1.4 Hexes
 + Level 5.6 Charms
 + Level 1.4 Summonings
 + Level 1.4 Necromancy
 + Level 1.4 Translocations
 + Level 1.4 Transmutations
 + Level 1.4 Fire Magic
 + Level 1.4 Ice Magic
 + Level 1.4 Air Magic
 + Level 1.4 Earth Magic
 + Level 1.4 Poison Magic
 + Level 2.0 Invocations
 + Level 1.8 Evocations


You had 14 spell levels left.
You knew the following spells:

 Your Spells              Type           Power        Failure   Level  Hunger
a - Infusion              Chrm           ###.         26%         1    None

Your spell library contained the following spells:

 Spells                   Type           Power        Failure   Level  Hunger
 Song of Slaying          Chrm           ###.....     38%         2    #......
 Shroud of Golubria       Chrm/Tloc      ##....       67%         2    #......
 Ozocubu's Armour         Chrm/Ice       ##......     88%         3    ###....
 Spectral Weapon          Hex/Chrm       ##......     88%         3    ###....


Dungeon Overview and Level Annotations

Branches:
Dungeon (3/15)

Altars:
Hepliaklqana
Nemelex Xobeh
Yredelemnul
Zin

Shops:
D:3 *


Innate Abilities, Weirdness & Mutations

Your experience applies equally to all skills.
You have very sharp teeth.
Your uncanny sense of smell can sniff out nearby items.


Message History

The orc priest barely misses you.
The orc priest hits you but does no damage.
You hit the orc priest.
The orc priest is lightly wounded.
The orc priest barely misses you.
You barely miss the orc priest. You bite the orc priest.
The orc priest is lightly wounded.
The orc priest invokes the aid of Beogh against you.
Pain shoots through your body!
* * * LOW HITPOINT WARNING * * *
You hit the orc priest.
The orc priest is severely wounded.
The orc priest mumbles some strange prayers to Beogh against you.
Pain shoots through your body!
* * * LOW HITPOINT WARNING * * *
You closely miss the orc priest.
You bite the orc priest, but do no damage.
The orc priest is severely wounded.
The orc priest hits you with a cursed +0 dagger.
You die...

#...........'..
#.##...........###
#.##...........#
#.##...........#
...+...........#
#.##...........#
#.
#.#####'########
#..#.#....<.#
#..#@#......#
#..#o#......#
#..#o#......#
#..oo#......#
#.#..#......# #
#...........# #.
###.........# #.##
#....[....# #...
##.†.######


You could see an orc priest, an orc wizard and 2 orcs.

Vanquished Creatures
  Terence (D:2)
  Natasha (thrice) (D:2)
  An orc wizard (D:3)
  Ijyb (D:3)
  5 adders
  An ooze (D:3)
  3 worms (D:2)
  3 dart slugs
  3 orcs (D:3)
  A ball python (D:1)
  8 bats
  2 giant cockroaches
  8 goblins
  7 hobgoblins
  3 jackals (D:1)
  2 quokkas
  A frilled lizard (D:2)
  14 kobolds
  7 rats
74 creatures vanquished.

Notes
Turn   | Place    | Note
-------+----------+-------------------------------------------
     0 | D:1      | Erk the Gnoll Skald began the quest for the Orb.
     0 | D:1      | Reached XP level 1. HP: 20/20 MP: 6/6
    24 | D:1      | Reached XP level 2. HP: 22/26 MP: 0/7
   289 | D:1      | Reached XP level 3. HP: 31/31 MP: 9/9
   299 | D:1      | Reached skill level 5 in Spellcasting
   629 | D:2      | Reached skill level 1 in Invocations
   670 | D:2      | Noticed Natasha
   679 | D:2      | Killed Natasha
   679 | D:2      | Reached skill level 1 in Short Blades
   679 | D:2      | Reached skill level 1 in Axes
   679 | D:2      | Reached skill level 1 in Maces & Flails
   679 | D:2      | Reached skill level 1 in Polearms
   679 | D:2      | Reached skill level 1 in Staves
   679 | D:2      | Reached skill level 1 in Slings
   679 | D:2      | Reached skill level 1 in Bows
   679 | D:2      | Reached skill level 1 in Crossbows
   679 | D:2      | Reached skill level 1 in Throwing
   679 | D:2      | Reached skill level 1 in Stealth
   679 | D:2      | Reached skill level 1 in Shields
   679 | D:2      | Reached skill level 1 in Unarmed Combat
   679 | D:2      | Reached skill level 1 in Evocations
   679 | D:2      | Reached XP level 4. HP: 16/38 MP: 6/11
  1051 | D:2      | Noticed Natasha
  1057 | D:2      | Killed Natasha
  1057 | D:2      | Reached skill level 1 in Conjurations
  1057 | D:2      | Reached skill level 1 in Hexes
  1057 | D:2      | Reached skill level 1 in Summonings
  1057 | D:2      | Reached skill level 1 in Necromancy
  1057 | D:2      | Reached skill level 1 in Translocations
  1057 | D:2      | Reached skill level 1 in Transmutations
  1057 | D:2      | Reached skill level 1 in Fire Magic
  1057 | D:2      | Reached skill level 1 in Ice Magic
  1057 | D:2      | Reached skill level 1 in Air Magic
  1057 | D:2      | Reached skill level 1 in Earth Magic
  1057 | D:2      | Reached skill level 1 in Poison Magic
  1057 | D:2      | Reached XP level 5. HP: 43/43 MP: 9/12
  1171 | D:2      | Noticed Terence
  1190 | D:2      | Killed Terence
  1324 | D:2      | Noticed Natasha
  1337 | D:2      | Killed Natasha
  1644 | D:3      | Reached XP level 6. HP: 22/50 MP: 11/13
  1882 | D:3      | Found a basalt altar of Yredelemnul.
  1885 | D:3      | Found a hazy altar of Hepliaklqana.
  1888 | D:3      | Found a sparkling altar of Nemelex Xobeh.
  2081 | D:3      | Noticed Ijyb
  2097 | D:3      | Killed Ijyb
  2109 | D:3      | Found Zin's Purification Station.
  2112 | D:3      | Found a glowing silver altar of Zin.
  2180 | D:3      | HP: 1/50 [orc priest/nerve-wracking pain (12)]
  2181 | D:3      | Slain by an orc priest

Levels and vault maps discovered:
D:1:      enne_arrival_octagon_isle, layout_basic
D:2:      layout_loops_ring, first_ration, kennysheep_crisscross, uniq_terence,
          uniq_natasha
D:3:      layout_basic, nicolae_overflow_hidden_temple, zin_purify,
          grunt_temple_overflow_diamond, uniq_sigmund, uniq_crazy_yiuf_cottage,
          uniq_ijyb

Skill      XL: |  1  2  3  4  5  6 |
---------------+-------------------+-----
Spellcasting   | 5 |  5.3
Invocations    | 1 2 |  2.0
Short Blades   | 1 |  1.8
Axes           | 1 |  1.8
Maces & Flails | 1 |  1.8
Polearms       | 1 |  1.8
Staves         | 1 |  1.8
Slings         | 1 |  1.8
Bows           | 1 |  1.8
Crossbows      | 1 |  1.8
Throwing       | 1 |  1.8
Stealth        | 1 |  1.8
Shields        | 1 |  1.8
Unarmed Combat | 1 |  1.8
Evocations     | 1 |  1.8
Conjurations   | 1 |  1.4
Hexes          | 1 |  1.4
Summonings     | 1 |  1.4
Necromancy     | 1 |  1.4
Translocations | 1 |  1.4
Transmutations | 1 |  1.4
Fire Magic     | 1 |  1.4
Ice Magic      | 1 |  1.4
Air Magic      | 1 |  1.4
Earth Magic    | 1 |  1.4
Poison Magic   | 1 |  1.4
Armour         | 3 |  3.2
Fighting       | |  4.9
Long Blades    | |  4.9
Dodging        | |  4.9
Charms         | |  5.6

Action                   |  1- 3 |  4- 6 || total
-------------------------+-------+-------++-------
Melee: Falchion          |    73 |   197 ||   270
       Bite              |     4 |    24 ||    28
       Punch             |       |     1 ||     1
 Cast: Infusion          |     5 |     5 ||    10
 Stab: Sleeping          |     1 |       ||     1
  Eat: Chunk             |       |     4 ||     4
Armor: Leather armour    |    14 |     4 ||    18
       Chain mail        |       |   111 ||   111
Dodge: Dodged            |    75 |    84 ||   159
       Rpst.: Falchion   |    25 |    23 ||    48

Table legend:
 A = Non-vault XP
 B = Vault XP
 C = Vault XP percentage of total XP
 D = Non-vault monster count
 E = Vault monster count
 F = Vault count percentage of total count
                 A         B        C        D         E       F
            +---------+---------+-------+---------+---------+-------
      Total |     297 |     104 |  25.9 |      71 |       3 |   4.1
            +---------+---------+-------+---------+---------+-------
        D:1 |      49 |       0 |   0.0 |      27 |       0 |   0.0
        D:2 |     174 |      71 |  29.0 |      31 |       2 |   6.1
        D:3 |      74 |      33 |  30.8 |      13 |       1 |   7.1
            +---------+---------+-------+---------+---------+-------
